 Dungeon Crawl Stone Soup version 0.19.3 (webtiles) character file.

4587 TryAgain the Covert (level 10, -6/63 HPs)
             Began as a Vampire Ice Elementalist on Jan 22, 2017.
             Was a Priest of Sif Muna.
             Killed from afar by an electric eel (11 damage)
             ... with a bolt of electricity
             ... on level 9 of the Dungeon.
             The game lasted 01:13:30 (11664 turns).

TryAgain the Covert (Vampire Ice Elementalist)     Turns: 11664, Time: 01:13:31

Health: -6/63      AC:  8    Str:  7    XL:     10   Next: 18%
Magic:  9/19       EV: 16    Int: 21    God:    Sif Muna [***...]
Gold:   224        SH:  0    Dex: 15    Spells: 7 memorised, 1 level left

rFire  . . .     SeeInvis +     i - +3 spear
rCold  . . .     Gourm    .     s - +0 leather armour
rNeg   . . .     Faith    .     (no shield)
rPois  .         Spirit   .     o - +1 helmet
rElec  .         Reflect  .     (no cloak)
rCorr  .         Harm     .     t - +2 pair of gloves
MR     +....                    (no boots)
Stlth  ++++......               (no amulet)
                                l - +3 ring of slaying
                                k - ring of wizardry

@: regenerating quickly
A: fangs 3, see invisible, unbreathing
a: Divine Energy, Channel Magic, Renounce Religion


You were on level 9 of the Dungeon.
You worshipped Sif Muna.
Sif Muna was most pleased with you.
You were full.

You visited 2 branches of the dungeon, and saw 10 of its levels.

You collected 392 gold pieces.
You spent 168 gold pieces at shops.

Inventory:

Hand Weapons
 i - a +3 spear (weapon)
 z - a +0 hunting sling
 C - a +0 blowgun
 L - a +0 shortbow
 N - a +1 hunting sling of freezing
Missiles
 D - 45 poisoned needles
 K - 133 arrows
Armour
 d - a +0 troll leather armour
 o - a +1 helmet (worn)
 q - a +1 scale mail of magic resistance
 s - a +0 leather armour (worn)
 t - a +2 pair of gloves (worn)
Magical Staves
 Q - an uncursed staff of poison
Rods
 M - a +0 lightning rod (9/9)
   (You found it on level 8 of the Dungeon)
Jewellery
 k - a ring of wizardry (left hand)
 l - a +3 ring of slaying (right hand)
 p - an uncursed ring of flight {unknown}
 w - a +6 ring of dexterity {unknown}
 x - an uncursed amulet of faith
 B - a cursed -2 ring of strength {unknown}
 O - an uncursed ring of protection from magic {unknown}
Wands
 g - a wand of flame (16/48)
 r - a wand of slowing (17/48)
 H - a wand of iceblast (4/15)
 I - a wand of polymorph (14/24)
Scrolls
 a - a scroll of amnesia {unknown}
 c - 3 scrolls of blinking
 e - a scroll of remove curse
 m - 5 scrolls of random uselessness
 n - 3 scrolls of recharging
 y - 3 scrolls of teleportation
Potions
 f - 2 potions of flight
 h - 6 potions of might
 j - 2 potions of invisibility
 u - 2 potions of ambrosia
 v - 5 potions of curing
 A - 4 potions of brilliance
 F - a potion of agility
 G - 2 potions of lignification
Books
 b - a book of Frost

   Spells                             Type                      Level
   a - Freeze                         Ice                          1
   b - Throw Frost                    Conjuration/Ice              2
   c - Ozocubu's Armour               Charms/Ice                   3
   d - Throw Icicle                   Conjuration/Ice              4
   e - Summon Ice Beast               Ice/Summoning                4
 E - a book of Party Tricks

   Spells                             Type                      Level
   a - Summon Butterflies             Summoning                    1
   b - Apportation                    Translocation                1
   c - Lesser Beckoning               Translocation                3
   d - Tukima's Dance                 Hexes                        3
   e - Alistair's Intoxication        Transmutation/Poison         5
   f - Invisibility                   Hexes                        6


   Skills:
 + Level 7.4 Dodging
 + Level 10.8 Stealth
 + Level 6.6 Spellcasting
 + Level 2.3 Conjurations
 + Level 1.5 Hexes
 - Level 3.0 Charms
 - Level 6.0 Summonings
 + Level 6.1 Ice Magic


You had one spell level left.
You knew the following spells:

 Your Spells              Type           Power        Failure   Level  Hunger
a - Freeze                Ice            ####         1%          1    None
b - Throw Frost           Conj/Ice       ###...       1%          2    None
c - Ozocubu's Armour      Chrm/Ice       ####....     4%          3    #......
d - Summon Ice Beast      Ice/Summ       ####....     6%          4    ###....
e - Throw Icicle          Conj/Ice       ###.....     12%         4    ###....
f - Summon Butterflies    Summ           ####....     1%          1    None
g - Invisibility          Hex            ##......     100%        6    ######.


Dungeon Overview and Level Annotations

Branches:
Dungeon (9/15)             Temple (1/1) D:4
   Lair: D:8-11         Orc: D:9-12

Altars:
Ashenzari
Cheibriados
Dithmenos
Elyvilon
Fedhas
Gozag
Hepliaklqana
Kikubaaqudgha
Makhleb
Nemelex Xobeh
Okawaru
Qazlal
Ru
Sif Muna
Trog
Uskayaw
Vehumet
Xom
Yredelemnul
Zin
The Shining One

Shops:
D:4 !   D:5 }

Annotations:
D:4 Exporg's ghost, novice MiFi
D:9 Psyche


Innate Abilities, Weirdness & Mutations

Your natural rate of healing is unusually fast.
You have razor-sharp teeth.
You have supernaturally acute eyesight. (SInv)
You can survive without breathing.


Message History

The wolf misses your butterfly. The wolf misses you.
The wolf closely misses you.
Casting: Summon Butterflies
Confirm with . or Enter, or press ? or * to list all spells.
The wolf completely misses you.
The electric eel shoots out a bolt of lightning at you!
The bolt of electricity hits your butterfly.
Your butterfly dies!
The bolt of electricity hits you!
* * * LOW HITPOINT WARNING * * *
The wolf barely misses you. The wolf bites you!
* * * LOW HITPOINT WARNING * * *
You feel better. The wolf barely misses you. The wolf bites you!
* * * LOW HITPOINT WARNING * * *
The wolf bites you but does no damage.
You swap places.
The wolf closely misses your butterfly.
The electric eel shoots out a bolt of lightning at you!
The bolt of electricity misses your butterfly.
The bolt of electricity hits you!
You die...

#.#...##....≈..≈≈≈≈≈≈≈≈≈
#####.#...##.......≈≈≈≈≈.≈.≈
#.................;≈≈≈≈≈≈.≈.
##.....h.a.......(....≈.≈.≈.
####.######..b.........≈...
#......#..b.............
#......#...b##.##..#####
####......#....##%###.#####
#.........@.b..............
#.##......#hb..##.###.####.
#.##.######h.bb.......####.
#....# #a...##.###......
###### #...b##.########.
#.....b..........
#................
#.#......#######. #..<.##..#
#.


You could see 2 wolves, a worker ant and an electric eel.

Vanquished Creatures
  The ghost of Thrillho the Magician, a novice OpWz (D:6)
  A hippogriff (D:9)
  Grum (D:9)
  An orc warrior (D:9)
  A slave (D:7)
  A wolf (D:9)
  A black bear (D:8)
  2 phantoms
  2 centaurs
  4 ogres
  Blork the orc (D:6)
  3 bullfrogs
  A scorpion (D:7)
  A water moccasin skeleton (D:4)
  3 wights (D:7)
  2 killer bees (D:8)
  6 howler monkeys
  2 crimson imps
  2 jellies
  2 bullfrog zombies
  3 orc priests
  2 centaur skeletons (D:5)
  A bullfrog skeleton (D:9)
  6 hounds
  5 orc wizards
  2 iguanas
  7 worker ants
  A hound zombie (D:8)
  A worker ant zombie (D:7)
  A howler monkey skeleton (D:7)
  12 adders
  A shadow imp (D:5)
  2 adder skeletons
  An adder zombie (D:3)
  6 worms
  A dart slug (D:3)
  3 leopard geckos
  17 orcs
  A giant cockroach (D:5)
  14 goblins
  7 hobgoblins
  3 jackals (D:4)
  10 kobolds
  3 quokkas
  3 ball pythons
  9 bats
  3 frilled lizards
  A giant cockroach zombie (D:6)
  A leopard gecko skeleton (D:7)
  A quokka zombie (D:7)
  9 rats
175 creatures vanquished.

Vanquished Creatures (collateral kills)
  Pikel (D:7)
  A troll (D:9)
  A hornet (D:7)
  Menkaure (D:7)
  An ice beast (D:9)
  A centaur (D:8)
  2 killer bees (D:8)
  2 wights (D:7)
10 creatures vanquished.

Grand Total: 185 creatures vanquished

Notes
Turn   | Place    | Note
-------+----------+-------------------------------------------
     0 | D:1      | TryAgain the Vampire Ice Elementalist began the quest for the Orb.
     0 | D:1      | Reached XP level 1. HP: 13/13 MP: 3/3
   485 | D:1      | Reached XP level 2. HP: 10/19 MP: 0/5
  1283 | D:2      | Reached skill level 4 in Stealth
  1283 | D:2      | Reached XP level 3. HP: 23/24 MP: 2/6
  1908 | D:3      | Found a shimmering altar of Xom.
  1922 | D:3      | Reached XP level 4. HP: 30/30 MP: 7/7
  2563 | D:3      | Learned a level 2 spell: Throw Frost
  2567 | D:3      | Learned a level 3 spell: Ozocubu's Armour
  2569 | D:3      | Found a snail-covered altar of Cheibriados.
  3069 | D:4      | Noticed Exporg's ghost (novice MiFi)
  3128 | D:4      | Reached skill level 5 in Stealth
  3128 | D:4      | Reached skill level 1 in Charms
  3128 | D:4      | Reached XP level 5. HP: 20/35 MP: 9/9
  3182 | D:4      | Noticed an ogre
  3183 | D:5      | Entered Level 5 of the Dungeon
  3189 | D:5      | Found Lit Ong's Gadget Shop.
  3391 | D:4      | Found a staircase to the Ecumenical Temple.
  3401 | Temple   | Entered the Ecumenical Temple
  3644 | Temple   | Became a worshipper of Sif Muna the Loreminder
  3747 | D:5      | Learned a level 4 spell: Summon Ice Beast
  3797 | D:5      | Reached XP level 6. HP: 30/41 MP: 4/10
  4000 | D:5      | Reached skill level 1 in Summonings
  4050 | D:5      | Reached skill level 6 in Stealth
  4542 | D:5      | Reached XP level 7. HP: 44/46 MP: 8/12
  4851 | D:4      | Found Heuh's Distillery.
  4864 | D:4      | Bought a potion of heal wounds for 60 gold pieces
  4864 | D:4      | Bought a potion of curing for 36 gold pieces
  4864 | D:4      | Bought a potion of curing for 36 gold pieces
  4864 | D:4      | Bought a potion of curing for 36 gold pieces
  5359 | D:6      | Noticed Blork the orc
  5384 | D:6      | Noticed Thrillho's ghost (novice OpWz)
  5401 | D:6      | Killed Thrillho's ghost
  5401 | D:6      | Reached * piety under Sif Muna
  5401 | D:6      | Reached skill level 5 in Dodging
  5401 | D:6      | Reached skill level 7 in Stealth
  5401 | D:6      | Reached XP level 8. HP: 36/52 MP: 0/15
  5579 | D:7      | Found a basalt altar of Yredelemnul.
  5672 | D:7      | Noticed Menkaure
  5697 | D:7      | Reached skill level 8 in Stealth
  5896 | D:7      | Reached skill level 5 in Spellcasting
  5977 | D:7      | Found a glowing silver altar of Zin.
  5977 | D:7      | Noticed an angel
  6088 | D:7      | Noticed Pikel
  6114 | D:7      | Killed Menkaure
  6653 | D:8      | Reached ** piety under Sif Muna
  6946 | D:7      | Noticed a hornet
  7206 | D:6      | Reached skill level 9 in Stealth
  7206 | D:6      | Reached XP level 9. HP: 51/57 MP: 7/17
  7225 | D:6      | Found a sparkling altar of Nemelex Xobeh.
  7778 | D:8      | Reached skill level 5 in Summonings
  8064 | D:8      | Reached skill level 5 in Ice Magic
  8071 | D:8      | Learned a level 4 spell: Throw Icicle
  8258 | D:7      | Found a radiant altar of Vehumet.
  8686 | D:9      | Noticed a troll
  9137 | D:8      | Reached skill level 1 in Conjurations
  9162 | D:9      | Noticed a troll
  9222 | D:9      | Noticed Psyche
  9663 | D:6      | Killed Blork the orc
  9746 | D:6      | Reached skill level 10 in Stealth
 10422 | D:7      | Killed Pikel
 10798 | D:9      | Killed a troll
 10798 | D:9      | Reached *** piety under Sif Muna
 11126 | D:9      | Reached XP level 10. HP: 54/63 MP: 15/19
 11196 | D:9      | Found a sacrificial altar of Ru.
 11578 | D:9      | Learned a level 1 spell: Summon Butterflies
 11585 | D:9      | Learned a level 6 spell: Invisibility
 11602 | D:9      | Noticed Grum
 11622 | D:9      | Killed Grum
 11628 | D:9      | Reached skill level 1 in Hexes
 11664 | D:9      | Killed from afar by an electric eel

Skill      XL: |  1  2  3  4  5  6  7  8  9 10 |
---------------+-------------------------------+-----
Stealth        | 4 5 6 7 9 10 | 10.8
Dodging        | 3 4 5 6 7 |  7.4
Spellcasting   | 3 4 5 6 |  6.6
Charms         | 1 2 3 |  3.0
Ice Magic      | 4 5 6 |  6.1
Summonings     | 2 3 4 5 6 |  6.0
Conjurations   | 2 |  2.3
Hexes          | 1 |  1.5

Action                   |  1- 3 |  4- 6 |  7- 9 | 10-12 || total
-------------------------+-------+-------+-------+-------++-------
Melee: Spear             |    69 |   118 |   181 |    16 ||   384
       Whip              |     4 |       |       |       ||     4
       Dagger            |     1 |       |       |       ||     1
       Unarmed           |     1 |       |       |       ||     1
       Bite              |     2 |     7 |    12 |       ||    21
 Fire: Blowgun           |       |       |     5 |       ||     5
 Cast: Freeze            |    20 |    89 |   153 |    38 ||   300
       Throw Frost       |       |     1 |    13 |       ||    14
       Ozocubu's Armour  |       |       |     3 |       ||     3
       Summon Ice Beast  |       |       |    35 |       ||    35
       Throw Icicle      |       |       |     3 |       ||     3
       Summon Butterflie |       |       |       |     3 ||     3
  Use: Scroll            |       |    13 |    13 |       ||    26
       Potion            |       |     2 |     2 |     2 ||     6
 Stab: Sleeping          |     9 |     8 |    11 |     4 ||    32
       Distracted        |       |     2 |     5 |       ||     7
  Eat: Corpse            |     3 |     8 |    18 |     5 ||    34
Armor: Robe              |     1 |       |       |       ||     1
       Leather armour    |     8 |    47 |    57 |    17 ||   129
Dodge: Dodged            |    35 |   107 |   179 |    60 ||   381
